TOP OF THE 1ST |
Boston Red Sox batting - Pitching for Minnesota Twins : RHP Rafael Gonzales
|
Pitching: RHP Rafael Gonzales
|
|
Batting: RHB Alois Wollf
|
0-0: Ball 1-0: Swinging Strike 1-1: Ball 2-1: Ground out 4-3 (Groundball, 4, EV 85.6 MPH)
|
Batting: LHB Mike Mentzer
|
0-0: Ball 1-0: Ball 2-0: Swinging Strike 2-1: Called Strike 2-2: Foul Ball, location: 2F 2-2: Strikes out swinging
|
Batting: LHB Kevin McCormic Jr.
|
0-0: Called Strike 0-1: Ball 1-1: Ball 2-1: Ball 3-1: Foul Ball, location: 2F 3-2: Base on Balls
|
Batting: SHB Robbie Rogers
|
0-0: Ball 1-0: Ball 2-0: Ball 3-0: Fly out, F9 (Flyball, 9S, EV 96.2 MPH)
|
Top of the 1st over - 0 runs, 0 hits, 0 errors, 1 left on base; Boston 0 - Minnesota 0 |
BOTTOM OF THE 1ST |
Minnesota Twins batting - Pitching for Boston Red Sox : RHP Justin Whitesack
|
Pitching: RHP Justin Whitesack
|
|
Batting: LHB Peer Derks
|
0-0: Ball 1-0: Swinging Strike 1-1: Foul Ball, location: 2F 1-2: Foul Ball, location: 2F 1-2: Foul Ball, location: 2F 1-2: Ball 2-2: Ground out U3 (Groundball, 3L, EV 83.8 MPH)
|
Batting: LHB Alejandro Soriano
|
0-0: Called Strike 0-1: Foul Ball, location: 2F 0-2: Foul Ball, location: 2F 0-2: Ball 1-2: Hit by Pitch
|
Batting: RHB Kevin Howard
|
0-0: Ball 1-0: Ball Alejandro Soriano steals 2nd base (no throw) 2-0: Foul Ball, location: 2F 2-1: Swinging Strike 2-2: Ground out 6-3 (Groundball, 6, EV 105.0 MPH)
|
Batting: RHB Hildo Pot
|
0-0: Called Strike 0-1: Called Strike 0-2: Strikes out swinging
|
Bottom of the 1st over - 0 runs, 0 hits, 0 errors, 1 left on base; Boston 0 - Minnesota 0 |
TOP OF THE 2ND |
Boston Red Sox batting - Pitching for Minnesota Twins : RHP Rafael Gonzales
|
Batting: SHB Marvin Lawrence
|
0-0: Ball 1-0: Ball 2-0: Ball 3-0: Called Strike 3-1: Called Strike 3-2: Ground out 4-3 (Groundball, 34, EV 86.9 MPH)
|
Batting: RHB Pedro Nin
|
0-0: Foul Ball, location: 2F 0-1: Fly out, F9 (Flyball, 9, EV 88.1 MPH)
|
Batting: LHB Shoichi Aso
|
0-0: Ball 1-0: Foul Ball, location: 2F 1-1: Ball 2-1: SINGLE (Groundball, 4M, EV 83.8 MPH) (infield hit)
|
Batting: LHB Tim Fuller
|
0-0: Ball 1-0: Called Strike 1-1: Ball 2-1: Foul Ball, location: 2F 2-2: Ball 3-2: Base on Balls Shoichi Aso to second
|
Batting: RHB Won-jun Park
|
0-0: Fly out, F9 (Flyball, 9, EV 93.8 MPH)
|
Top of the 2nd over - 0 runs, 1 hit, 0 errors, 2 left on base; Boston 0 - Minnesota 0 |
BOTTOM OF THE 2ND |
Minnesota Twins batting - Pitching for Boston Red Sox : RHP Justin Whitesack
|
Batting: LHB Helge Jivotovsky
|
0-0: Ground out 5-3 (Groundball, 6, EV 85.0 MPH)
|
Batting: RHB Matthew Starr
|
0-0: Foul Ball, location: 2F 0-1: Ground out 4-3 (Groundball, 34, EV 87.5 MPH)
|
Batting: RHB Mike Quackenbush
|
0-0: Fly out, F5 (Popup, 5, EV 78.8 MPH)
|
Bottom of the 2nd over - 0 runs, 0 hits, 0 errors, 0 left on base; Boston 0 - Minnesota 0 |
TOP OF THE 3RD |
Boston Red Sox batting - Pitching for Minnesota Twins : RHP Rafael Gonzales
|
Batting: RHB Alois Wollf
|
0-0: Ground out 5-3 (Groundball, 56, EV 85.6 MPH)
|
Batting: LHB Mike Mentzer
|
0-0: Foul Ball, location: 2F 0-1: Ground out 4-3 (Groundball, 4, EV 103.8 MPH)
|
Batting: LHB Kevin McCormic Jr.
|
0-0: Ball 1-0: Ball 2-0: Called Strike 2-1: Ball 3-1: Base on Balls
|
Batting: SHB Robbie Rogers
|
0-0: Called Strike 0-1: Ball 1-1: 2-RUN HOME RUN (Flyball, 9LD, EV 91.2 MPH), Distance : 355 ft
|
Batting: SHB Marvin Lawrence
|
0-0: Ball 1-0: Ball 2-0: Called Strike 2-1: Ball 3-1: Base on Balls
|
Batting: RHB Pedro Nin
|
0-0: Ball 1-0: 2-RUN HOME RUN (Flyball, 7D, EV 103.8 MPH), Distance : 385 ft
|
Batting: LHB Shoichi Aso
|
0-0: SINGLE (Groundball, 6S, EV 73.8 MPH) (infield hit)
|
Batting: LHB Tim Fuller
|
0-0: Ball 1-0: Called Strike 1-1: Ball Shoichi Aso steals 2nd base (no throw) 2-1: Foul Ball, location: 2F 2-2: Ball 3-2: Foul Ball, location: 2F 3-2: Foul Ball, location: 2F 3-2: Foul Ball, location: 2F 3-2: Foul Ball, location: 2F 3-2: SINGLE (Groundball, 6M, EV 108.8 MPH) (infield hit) Shoichi Aso to third
|
Batting: RHB Won-jun Park
|
0-0: Ball 1-0: Ball 2-0: Ball 3-0: Called Strike 3-1: Base on Balls Tim Fuller to second
|
Batting: RHB Alois Wollf
|
0-0: Ball 1-0: Ball 2-0: Called Strike 2-1: Swinging Strike 2-2: Ball 3-2: Foul Ball, location: 2F 3-2: Base on Balls Shoichi Aso scores Tim Fuller to third Won-jun Park to second
|
Batting: LHB Mike Mentzer
|
0-0: Foul Ball, location: 2F 0-1: Ball 1-1: Swinging Strike 1-2: Strikes out swinging
|
Top of the 3rd over - 5 runs, 4 hits, 0 errors, 3 left on base; Boston 5 - Minnesota 0 |
BOTTOM OF THE 3RD |
Minnesota Twins batting - Pitching for Boston Red Sox : RHP Justin Whitesack
|
Batting: RHB Alex Sandoval
|
0-0: Ball 1-0: DOUBLE (Line Drive, 89D, EV 109.4 MPH)
|
Batting: RHB Doug Lane
|
0-0: Called Strike 0-1: Foul Ball, location: 2F 0-2: Fly out, F7 (Flyball, 7, EV 88.8 MPH)
|
Batting: LHB Peer Derks
|
0-0: Ball 1-0: Ball 2-0: Called Strike 2-1: SINGLE (Groundball, 4MS, EV 70.6 MPH) (infield hit) Alex Sandoval to third
|
Batting: LHB Alejandro Soriano
|
0-0: Called Strike Peer Derks is caught stealing 2nd base 2-6 0-1: Ball 1-1: Ball 2-1: Foul Ball, location: 2F 2-2: Foul Ball, location: 2F 2-2: Foul Ball, location: 2F 2-2: Strikes out swinging
|
Bottom of the 3rd over - 0 runs, 2 hits, 0 errors, 1 left on base; Boston 5 - Minnesota 0 |
TOP OF THE 4TH |
Boston Red Sox batting - Pitching for Minnesota Twins : RHP Rafael Gonzales
|
Batting: LHB Kevin McCormic Jr.
|
0-0: Foul Ball, location: 2F 0-1: Foul Ball, location: 2F 0-2: DOUBLE (Line Drive, 89D, EV 106.9 MPH)
|
Batting: SHB Robbie Rogers
|
0-0: Called Strike 0-1: Foul Ball, location: 2F 0-2: Ball 1-2: Strikes out looking
|
Batting: SHB Marvin Lawrence
|
0-0: Ball 1-0: Called Strike 1-1: Fly out, F8 (Flyball, 8RD, EV 80.6 MPH)
|
Batting: RHB Pedro Nin
|
0-0: Ball 1-0: Ball 2-0: Called Strike 2-1: Ball 3-1: Swinging Strike 3-2: Strikes out swinging
|
Top of the 4th over - 0 runs, 1 hit, 0 errors, 1 left on base; Boston 5 - Minnesota 0 |
BOTTOM OF THE 4TH |
Minnesota Twins batting - Pitching for Boston Red Sox : RHP Justin Whitesack
|
Batting: RHB Kevin Howard
|
0-0: Ball 1-0: Foul Ball, location: 2F 1-1: Swinging Strike 1-2: Ball 2-2: Ball 3-2: Foul Ball, location: 2F 3-2: Strikes out swinging
|
Batting: RHB Hildo Pot
|
0-0: Ball 1-0: Called Strike 1-1: Swinging Strike 1-2: Ball 2-2: Foul Ball, location: 2F 2-2: Ball 3-2: Fly out, F9 (Flyball, 9LMF, EV 91.2 MPH)
|
Batting: LHB Helge Jivotovsky
|
0-0: Fly out, F7 (Flyball, 78S, EV 83.8 MPH)
|
Bottom of the 4th over - 0 runs, 0 hits, 0 errors, 0 left on base; Boston 5 - Minnesota 0 |
TOP OF THE 5TH |
Boston Red Sox batting - Pitching for Minnesota Twins : RHP Rafael Gonzales
|
Batting: LHB Shoichi Aso
|
0-0: Ball 1-0: Swinging Strike 1-1: Ground out 3-1 (Groundball, 34, EV 87.5 MPH)
|
Batting: LHB Tim Fuller
|
0-0: Ball 1-0: Called Strike 1-1: Ball 2-1: Swinging Strike 2-2: Foul Ball, location: 2F 2-2: SINGLE (Line Drive, 7LS, EV 105.0 MPH)
|
Pitching: RHP Luis Sanchez
|
|
Batting: RHB Won-jun Park
|
0-0: Ball 1-0: Foul Ball, location: 2F 1-1: Grounds into double play, 4-6-3 (Groundball, 34, EV 79.4 MPH)
|
Top of the 5th over - 0 runs, 1 hit, 0 errors, 0 left on base; Boston 5 - Minnesota 0 |
BOTTOM OF THE 5TH |
Minnesota Twins batting - Pitching for Boston Red Sox : RHP Justin Whitesack
|
Batting: RHB Matthew Starr
|
0-0: Foul Ball, location: 2F 0-1: Ball 1-1: Ball 2-1: Ball 3-1: Swinging Strike 3-2: Fly out, F7 (Flyball, 78S, EV 85.0 MPH)
|
Batting: RHB Mike Quackenbush
|
0-0: Ball 1-0: Called Strike 1-1: Ball 2-1: Swinging Strike 2-2: Strikes out swinging
|
Batting: RHB Alex Sandoval
|
0-0: Ball 1-0: Foul Ball, location: 2F 1-1: DOUBLE (Line Drive, 7LS, EV 113.8 MPH)
|
Batting: RHB Doug Lane
|
0-0: Ball 1-0: Called Strike 1-1: Ball 2-1: Ball 3-1: Foul Ball, location: 2F 3-2: Base on Balls
|
Batting: LHB Peer Derks
|
0-0: SINGLE (Line Drive, 78S, EV 110.6 MPH) Alex Sandoval to third Doug Lane to second Runner from 3rd tries for Home, SAFE, throw by LF to home
|
Batting: LHB Alejandro Soriano
|
0-0: Called Strike 0-1: Foul Ball, location: 2F 0-2: Ball 1-2: Hit by Pitch Doug Lane to third Peer Derks to second
|
Batting: RHB Kevin Howard
|
0-0: Ball 1-0: Called Strike 1-1: Ball 2-1: Called Strike 2-2: Ball 3-2: Base on Balls Doug Lane scores Peer Derks to third Alejandro Soriano to second
|
Batting: RHB Hildo Pot
|
0-0: Ball 1-0: Foul Ball, location: 2F 1-1: Foul Ball, location: 2F 1-2: Foul Ball, location: 2F 1-2: SINGLE (Line Drive, 56D, EV 112.5 MPH) Peer Derks scores Alejandro Soriano to third Kevin Howard to second Runner from 3rd tries for Home, SAFE, throw by LF to home
|
Batting: LHB Helge Jivotovsky
|
0-0: Ball 1-0: Fly out, F4 (Popup, 13, EV 78.8 MPH)
|
Bottom of the 5th over - 4 runs, 3 hits, 0 errors, 2 left on base; Boston 5 - Minnesota 4 |
TOP OF THE 6TH |
Boston Red Sox batting - Pitching for Minnesota Twins : RHP Luis Sanchez
|
Batting: RHB Alois Wollf
|
0-0: Foul Ball, location: 2F 0-1: Ball 1-1: Foul Ball, location: 2F 1-2: Fly out, F8 (Flyball, 8RXD, EV 101.2 MPH)
|
Batting: LHB Mike Mentzer
|
0-0: Called Strike 0-1: Ball 1-1: Called Strike 1-2: Ground out 4-3 (Groundball, 34D, EV 106.9 MPH)
|
Batting: LHB Kevin McCormic Jr.
|
0-0: Called Strike 0-1: Ball 1-1: Called Strike 1-2: Strikes out looking
|
Top of the 6th over - 0 runs, 0 hits, 0 errors, 0 left on base; Boston 5 - Minnesota 4 |
BOTTOM OF THE 6TH |
Minnesota Twins batting - Pitching for Boston Red Sox : RHP Justin Whitesack
|
Batting: RHB Matthew Starr
|
0-0: Called Strike 0-1: Ball 1-1: Ball 2-1: Foul Ball, location: 2F 2-2: Ground out 1-3 (Groundball, 13, EV 65.6 MPH)
|
Pitching: RHP Danny Klomp
|
|
Batting: RHB Mike Quackenbush
|
0-0: Called Strike 0-1: Foul Ball, location: 2F 0-2: Ground out U3 (Groundball, 34S, EV 85.0 MPH)
|
Batting: RHB Alex Sandoval
|
0-0: Ball 1-0: Called Strike 1-1: Called Strike 1-2: Ball 2-2: Ball 3-2: Strikes out looking
|
Bottom of the 6th over - 0 runs, 0 hits, 0 errors, 0 left on base; Boston 5 - Minnesota 4 |
TOP OF THE 7TH |
Boston Red Sox batting - Pitching for Minnesota Twins : RHP Luis Sanchez
|
Batting: SHB Robbie Rogers
|
0-0: SINGLE (Groundball, 56D, EV 106.2 MPH)
|
Batting: SHB Marvin Lawrence
|
0-0: Ball 1-0: Foul Ball, location: 2F 1-1: Ball 2-1: Foul Ball, location: 2F 2-2: Strikes out swinging
|
Batting: RHB Pedro Nin
|
0-0: Called Strike Robbie Rogers steals 2nd base (no throw) 0-1: Ball 1-1: Foul Ball, location: 2F 1-2: Strikes out swinging
|
Batting: LHB Shoichi Aso
|
0-0: SINGLE (Groundball, 3D, EV 93.8 MPH) Robbie Rogers to third Runner from 3rd tries for Home, throw by RF and OUT! 9-2
|
Top of the 7th over - 0 runs, 2 hits, 0 errors, 1 left on base; Boston 5 - Minnesota 4 |
BOTTOM OF THE 7TH |
Minnesota Twins batting - Pitching for Boston Red Sox : RHP Danny Klomp
|
Batting: RHB Doug Lane
|
0-0: Ball 1-0: Called Strike 1-1: Ball 2-1: Ball 3-1: Base on Balls
|
Batting: LHB Peer Derks
|
0-0: Ball 1-0: Called Strike 1-1: Swinging Strike 1-2: Strikes out swinging
|
Batting: LHB Alejandro Soriano
|
0-0: Fielders Choice at 2nd, 4-6 (Groundball, 4M, EV 86.2 MPH)
|
Batting: RHB Kevin Howard
|
0-0: Ball Alejandro Soriano is caught stealing 2nd base 2-4
|
Bottom of the 7th over - 0 runs, 0 hits, 0 errors, 0 left on base; Boston 5 - Minnesota 4 |
TOP OF THE 8TH |
Boston Red Sox batting - Pitching for Minnesota Twins : RHP Luis Sanchez
|
Batting: LHB Tim Fuller
|
0-0: SINGLE (Line Drive, 8RS, EV 94.4 MPH)
|
Batting: RHB Won-jun Park
|
0-0: Called Strike Tim Fuller steals 2nd, throwing error, E2 Tim Fuller to third 0-1: Foul Ball, location: 2F 0-2: Ball 1-2: Ball 2-2: Ball 3-2: SINGLE (Groundball, 34D, EV 103.8 MPH) Tim Fuller scores
|
Batting: RHB Alois Wollf
|
0-0: Ball 1-0: Called Strike 1-1: Foul Ball, location: 2F 1-2: Fielders Choice at 2nd, 1-4 (Groundball, 15, EV 66.2 MPH)
|
Batting: LHB Mike Mentzer
|
0-0: Foul Ball, location: 2F 0-1: Ball 1-1: SINGLE (Groundball, 25, EV 72.5 MPH) (infield hit) Alois Wollf to second
|
Batting: LHB Kevin McCormic Jr.
|
0-0: Called Strike 0-1: Grounds into double play, 4-6-3 (Groundball, 4S, EV 81.2 MPH)
|
Top of the 8th over - 1 run, 3 hits, 1 error, 1 left on base; Boston 6 - Minnesota 4 |
BOTTOM OF THE 8TH |
Minnesota Twins batting - Pitching for Boston Red Sox : RHP Danny Klomp
|
Batting: RHB Kevin Howard
|
0-0: Called Strike 0-1: Swinging Strike 0-2: Ball 1-2: SINGLE (Line Drive, 8LS, EV 89.4 MPH)
|
Batting: RHB Hildo Pot
|
0-0: Swinging Strike 0-1: Called Strike 0-2: Strikes out swinging
|
Batting: LHB Helge Jivotovsky
|
0-0: Ball 1-0: Called Strike 1-1: Swinging Strike 1-2: Strikes out swinging
|
Pitching: RHP Kyle Ehret
|
|
Batting: RHB Matthew Starr
|
0-0: Called Strike 0-1: Ball 1-1: Called Strike 1-2: Ball 2-2: Fly out, F8 (Flyball, 8LM, EV 78.8 MPH)
|
Bottom of the 8th over - 0 runs, 1 hit, 0 errors, 1 left on base; Boston 6 - Minnesota 4 |
TOP OF THE 9TH |
Boston Red Sox batting - Pitching for Minnesota Twins : RHP Luis Sanchez
|
Pitching: RHP Mark Case
|
|
Batting: SHB Robbie Rogers
|
0-0: Ball 1-0: Ground out 3-1 (Groundball, 34, EV 86.2 MPH)
|
Batting: SHB Marvin Lawrence
|
0-0: Foul Ball, location: 2F 0-1: Ball 1-1: Ground out 4-3 (Groundball, 4, EV 86.2 MPH)
|
Batting: RHB Pedro Nin
|
0-0: Ball 1-0: Called Strike 1-1: Foul Ball, location: 2F 1-2: Strikes out looking
|
Top of the 9th over - 0 runs, 0 hits, 0 errors, 0 left on base; Boston 6 - Minnesota 4 |
BOTTOM OF THE 9TH |
Minnesota Twins batting - Pitching for Boston Red Sox : RHP Kyle Ehret
|
Pitching: RHP Guadalupe Vasguez
|
|
Now at 1B: Kevin McCormic Jr.
|
|
Now at 3B: Rocky Campbell
|
|
Now in LF: Joe Smack
|
|
Batting: RHB Mike Quackenbush
|
0-0: Fly out, F8 (Flyball, 78M, EV 85.0 MPH)
|
Pinch Hitting: SHB Brian Bagley
|
0-0: Called Strike 0-1: Foul Ball, location: 2F 0-2: Strikes out swinging
|
Batting: RHB Doug Lane
|
0-0: Called Strike 0-1: Foul Ball, location: 2F 0-2: Ball 1-2: Ball 2-2: Foul Ball, location: 2F 2-2: Strikes out looking
|
Bottom of the 9th over - 0 runs, 0 hits, 0 errors, 0 left on base; Boston 6 - Minnesota 4 |
|